| TOP OF THE 1ST |
|
Ocean City Blue Crabs batting - Pitching for Savannah Swamp Foxes : LHP Shawn Estes
|
|
Pitching: LHP Shawn Estes
|
|
|
Batting: RHB Pat F. Kelly
|
0-0: Bunted foul 0-1: Ball 1-1: Ball 2-1: Fly out, F8 (Flyball, 8RS, EV 71.3 MPH)
|
|
Batting: LHB Curtis Pride
|
0-0: Ball 1-0: Ball 2-0: Ground out 4-3 (Groundball, 4, EV 90.6 MPH)
|
|
Batting: LHB Brad Fullmer
|
0-0: Swinging Strike 0-1: Foul Ball, location: 2F 0-2: Ball 1-2: Strikes out swinging
|
| Top of the 1st over - 0 runs, 0 hits, 0 errors, 0 left on base; Ocean City 0 - Savannah 0 |
| BOTTOM OF THE 1ST |
|
Savannah Swamp Foxes batting - Pitching for Ocean City Blue Crabs : RHP Ariel Prieto
|
|
Pitching: RHP Ariel Prieto
|
|
|
Batting: LHB Tony Longmire
|
0-0: Ball 1-0: Called Strike 1-1: Ball 2-1: Ground out U3 (Groundball, 3L, EV 98.1 MPH)
|
|
Batting: LHB Jacob Cruz
|
0-0: Ball 1-0: Fly out, F8 (Flyball, 8RXD, EV 99.4 MPH)
|
|
Batting: LHB John Kruk
|
0-0: Called Strike 0-1: Ball 1-1: Ball 2-1: Ball 3-1: DOUBLE (Line Drive, 8RXD, EV 103.1 MPH)
|
|
Batting: RHB Izzy Molina
|
0-0: Ball 1-0: Called Strike 1-1: Single, Error in OF, E8, batter to second base (Groundball, 6MD, EV 97.5 MPH) John Kruk scores
|
|
Batting: LHB Jack Howell
|
0-0: Foul Ball, location: 2F 0-1: Ball 1-1: Swinging Strike 1-2: Ball 2-2: Ground out 1-3 (Groundball, 34S, EV 68.8 MPH)
|
| Bottom of the 1st over - 1 run, 2 hits, 1 error, 1 left on base; Ocean City 0 - Savannah 1 |
| TOP OF THE 2ND |
|
Ocean City Blue Crabs batting - Pitching for Savannah Swamp Foxes : LHP Shawn Estes
|
|
Batting: RHB Jeff Abbott
|
0-0: Foul Ball, location: 2F 0-1: Ground out 5-3 (Groundball, 5, EV 85.0 MPH)
|
|
Batting: RHB Einar Diaz
|
0-0: Fly out, F8 (Line Drive, 8RD, EV 108.8 MPH)
|
|
Batting: RHB Garey Ingram
|
0-0: Ball 1-0: Ball 2-0: Swinging Strike 2-1: Foul Ball, location: 2F 2-2: Foul Ball, location: 2F 2-2: Ball 3-2: Fly out, F9 (Flyball, 89S, EV 83.1 MPH)
|
| Top of the 2nd over - 0 runs, 0 hits, 0 errors, 0 left on base; Ocean City 0 - Savannah 1 |
| BOTTOM OF THE 2ND |
|
Savannah Swamp Foxes batting - Pitching for Ocean City Blue Crabs : RHP Ariel Prieto
|
|
Batting: RHB Andy Sheets
|
0-0: Foul Ball, location: 2F 0-1: Foul Ball, location: 2F 0-2: Ball 1-2: Fly out, F7 (Flyball, 78M, EV 82.5 MPH)
|
|
Batting: SHB Jason Hardtke
|
0-0: Foul Ball, location: 2F 0-1: Swinging Strike 0-2: Ground out 6-3 (Groundball, 56D, EV 92.5 MPH)
|
|
Batting: LHB Koji Goto
|
0-0: SINGLE (Groundball, 6MD, EV 109.4 MPH)
|
|
Batting: RHB Masahiro Kawai
|
0-0: Ball 1-0: Called Strike 1-1: Foul Ball, location: 2F 1-2: Ball 2-2: Ground out 4-3 (Groundball, 4, EV 83.8 MPH)
|
| Bottom of the 2nd over - 0 runs, 1 hit, 0 errors, 1 left on base; Ocean City 0 - Savannah 1 |
| TOP OF THE 3RD |
|
Ocean City Blue Crabs batting - Pitching for Savannah Swamp Foxes : LHP Shawn Estes
|
|
Batting: RHB Manny Alexander
|
0-0: Foul Ball, location: 2F 0-1: Ball 1-1: Called Strike 1-2: Foul Ball, location: 2F 1-2: Ground out 1-3 (Groundball, 34S, EV 86.3 MPH)
|
|
Batting: RHB Cheron Farley
|
0-0: Called Strike 0-1: Ball 1-1: Ball 2-1: Ball 3-1: Base on Balls
|
|
Batting: SHB Julio Peguero
|
0-0: Ball Cheron Farley is caught stealing 2nd base 2-4 1-0: Fly out, F8 (Flyball, 8LS, EV 85.6 MPH)
|
| Top of the 3rd over - 0 runs, 0 hits, 0 errors, 0 left on base; Ocean City 0 - Savannah 1 |
| BOTTOM OF THE 3RD |
|
Savannah Swamp Foxes batting - Pitching for Ocean City Blue Crabs : RHP Ariel Prieto
|
|
Batting: LHB Tony Longmire
|
0-0: Ball 1-0: Foul Ball, location: 2F 1-1: Fly out, F9 (Flyball, 9LS, EV 89.4 MPH)
|
|
Batting: LHB Jacob Cruz
|
0-0: Called Strike 0-1: Foul Ball, location: 2F 0-2: Foul Ball, location: 2F 0-2: Ball 1-2: Foul Ball, location: 2F 1-2: Foul Ball, location: 2F 1-2: Fly out, F8 (Flyball, 8RM, EV 96.3 MPH)
|
|
Batting: LHB John Kruk
|
0-0: Ball 1-0: Called Strike 1-1: Ball 2-1: Ball 3-1: Fly out, F9 (Flyball, 9, EV 85.6 MPH)
|
| Bottom of the 3rd over - 0 runs, 0 hits, 0 errors, 0 left on base; Ocean City 0 - Savannah 1 |
| TOP OF THE 4TH |
|
Ocean City Blue Crabs batting - Pitching for Savannah Swamp Foxes : LHP Shawn Estes
|
|
Batting: RHB Pat F. Kelly
|
0-0: Ball 1-0: Ball 2-0: Called Strike 2-1: Foul Ball, location: 2F 2-2: Strikes out swinging
|
|
Batting: LHB Curtis Pride
|
0-0: Called Strike 0-1: Ball 1-1: Ball 2-1: Foul Ball, location: 2F 2-2: Ball 3-2: Reached on error, E6 (Groundball, 6, EV 98.1 MPH)
|
|
Batting: LHB Brad Fullmer
|
0-0: Called Strike 0-1: Fly out, F8 (Flyball, 8RM, EV 95.6 MPH)
|
|
Batting: RHB Jeff Abbott
|
0-0: Ball 1-0: Ball 2-0: Foul Ball, location: 2F 2-1: Foul Ball, location: 2F 2-2: Ball 3-2: Ground out 6-3 (Groundball, 6S, EV 73.1 MPH)
|
| Top of the 4th over - 0 runs, 0 hits, 1 error, 1 left on base; Ocean City 0 - Savannah 1 |
| BOTTOM OF THE 4TH |
|
Savannah Swamp Foxes batting - Pitching for Ocean City Blue Crabs : RHP Ariel Prieto
|
|
Batting: RHB Izzy Molina
|
0-0: Fly out, F7 (Flyball, 7S, EV 92.5 MPH)
|
|
Batting: LHB Jack Howell
|
0-0: Ball 1-0: Called Strike 1-1: Ball 2-1: Ball 3-1: Foul Ball, location: 2F 3-2: Strikes out swinging
|
|
Batting: RHB Andy Sheets
|
0-0: Ball 1-0: Foul Ball, location: 2F 1-1: Foul Ball, location: 2F 1-2: Hit by Pitch
|
|
Batting: SHB Jason Hardtke
|
0-0: Ball 1-0: Called Strike 1-1: Foul Ball, location: 2F 1-2: Ground out 4-3 (Groundball, 34, EV 76.9 MPH)
|
| Bottom of the 4th over - 0 runs, 0 hits, 0 errors, 1 left on base; Ocean City 0 - Savannah 1 |
| TOP OF THE 5TH |
|
Ocean City Blue Crabs batting - Pitching for Savannah Swamp Foxes : LHP Shawn Estes
|
|
Batting: RHB Einar Diaz
|
0-0: Ball 1-0: Called Strike 1-1: Fly out, F4 (Popup, 23, EV 93.1 MPH)
|
|
Batting: RHB Garey Ingram
|
0-0: Ball 1-0: Ground out 1-3 (Groundball, 13S, EV 71.3 MPH)
|
|
Batting: RHB Manny Alexander
|
0-0: Ball 1-0: Ball 2-0: Foul Ball, location: 2F 2-1: Ball 3-1: Called Strike 3-2: Fly out, F8 (Flyball, 8RD, EV 105.0 MPH)
|
| Top of the 5th over - 0 runs, 0 hits, 0 errors, 0 left on base; Ocean City 0 - Savannah 1 |
| BOTTOM OF THE 5TH |
|
Savannah Swamp Foxes batting - Pitching for Ocean City Blue Crabs : RHP Ariel Prieto
|
|
Batting: LHB Koji Goto
|
0-0: Called Strike 0-1: Foul Ball, location: 2F 0-2: Ground out 1-3 (Groundball, 13S, EV 63.8 MPH)
|
|
Batting: RHB Masahiro Kawai
|
0-0: Ball 1-0: Fly out, F8 (Flyball, 8LS, EV 95.0 MPH)
|
|
Batting: LHB Tony Longmire
|
0-0: Ball 1-0: Ball 2-0: Ball 3-0: Base on Balls
|
|
Batting: LHB Jacob Cruz
|
0-0: Called Strike 0-1: SINGLE (Flyball, 89M, EV 83.1 MPH) Tony Longmire to second Runner from 2nd tries for 3rd, SAFE, throw by CF made to third
|
|
Batting: LHB John Kruk
|
0-0: Foul Ball, location: 2F 0-1: Ball 1-1: Ball 2-1: Ball 3-1: SINGLE (Line Drive, 9S, EV 93.8 MPH) Tony Longmire scores Jacob Cruz to second Runner from 2nd tries for 3rd, SAFE, no throw by RF
|
|
Batting: RHB Izzy Molina
|
0-0: Foul Ball, location: 2F 0-1: Fly out, F3 (Popup, 3SF, EV 73.8 MPH)
|
| Bottom of the 5th over - 1 run, 2 hits, 0 errors, 2 left on base; Ocean City 0 - Savannah 2 |
| TOP OF THE 6TH |
|
Ocean City Blue Crabs batting - Pitching for Savannah Swamp Foxes : LHP Shawn Estes
|
|
Batting: RHB Cheron Farley
|
0-0: Called Strike 0-1: Fly out, F5 (Line Drive, 5, EV 72.5 MPH)
|
|
Batting: SHB Julio Peguero
|
0-0: Called Strike 0-1: Called Strike 0-2: Ball 1-2: Strikes out swinging
|
|
Batting: RHB Pat F. Kelly
|
0-0: SINGLE (Groundball, 34D, EV 104.4 MPH)
|
|
Batting: LHB Curtis Pride
|
0-0: Called Strike 0-1: Ball 1-1: Foul Ball, location: 2F 1-2: Ball 2-2: Foul Ball, location: 2F 2-2: Foul Ball, location: 2F 2-2: Ball Pat F. Kelly steals 2nd, throwing error, E2 Pat F. Kelly to third 3-2: Foul Ball, location: 2F 3-2: Ground out U3 (Groundball, 3, EV 105.0 MPH)
|
| Top of the 6th over - 0 runs, 1 hit, 1 error, 1 left on base; Ocean City 0 - Savannah 2 |
| BOTTOM OF THE 6TH |
|
Savannah Swamp Foxes batting - Pitching for Ocean City Blue Crabs : RHP Ariel Prieto
|
|
Batting: LHB Jack Howell
|
0-0: Ball 1-0: Swinging Strike 1-1: Foul Ball, location: 2F 1-2: Foul Ball, location: 2F 1-2: Strikes out swinging
|
|
Batting: RHB Andy Sheets
|
0-0: Foul Ball, location: 2F 0-1: Ball 1-1: Swinging Strike 1-2: Fly out, F9 (Flyball, 89S, EV 86.3 MPH)
|
|
Batting: SHB Jason Hardtke
|
0-0: Ball 1-0: Fly out, F9 (Flyball, 9, EV 87.5 MPH)
|
| Bottom of the 6th over - 0 runs, 0 hits, 0 errors, 0 left on base; Ocean City 0 - Savannah 2 |
| TOP OF THE 7TH |
|
Ocean City Blue Crabs batting - Pitching for Savannah Swamp Foxes : LHP Shawn Estes
|
|
Batting: LHB Brad Fullmer
|
0-0: Fly out, F4 (Popup, 13S, EV 80.6 MPH)
|
|
Batting: RHB Jeff Abbott
|
0-0: Ball 1-0: Swinging Strike 1-1: Swinging Strike 1-2: Strikes out swinging
|
|
Batting: RHB Einar Diaz
|
0-0: Called Strike 0-1: Ball 1-1: Fly out, F3 (Popup, 23F, EV 88.1 MPH)
|
| Top of the 7th over - 0 runs, 0 hits, 0 errors, 0 left on base; Ocean City 0 - Savannah 2 |
| BOTTOM OF THE 7TH |
|
Savannah Swamp Foxes batting - Pitching for Ocean City Blue Crabs : RHP Ariel Prieto
|
|
Batting: LHB Koji Goto
|
0-0: Ball 1-0: Ball 2-0: Foul Ball, location: 2F 2-1: SINGLE (Flyball, 78S, EV 91.3 MPH)
|
|
Batting: RHB Masahiro Kawai
|
0-0: Sac Bunt to 23 - play at first, batter OUT! 3-4 Koji Goto to second
|
|
Batting: LHB Tony Longmire
|
0-0: Swinging Strike 0-1: Ball 1-1: SINGLE (Groundball, 34D, EV 110.0 MPH) Koji Goto to third
|
|
Batting: LHB Jacob Cruz
|
0-0: Ball 1-0: Fielders Choice at 2nd, 1-6 (Groundball, 13S, EV 63.8 MPH)
|
|
Batting: LHB John Kruk
|
0-0: Called Strike 0-1: Ball 1-1: Ball 2-1: Foul Ball, location: 2F 2-2: Foul Ball, location: 2F 2-2: Ball 3-2: Foul Ball, location: 2F 3-2: Fly out, F9 (Flyball, 89S, EV 83.8 MPH)
|
| Bottom of the 7th over - 0 runs, 2 hits, 0 errors, 2 left on base; Ocean City 0 - Savannah 2 |
| TOP OF THE 8TH |
|
Ocean City Blue Crabs batting - Pitching for Savannah Swamp Foxes : LHP Shawn Estes
|
|
Batting: RHB Garey Ingram
|
0-0: Ball 1-0: Ball 2-0: Swinging Strike 2-1: Foul Ball, location: 2F 2-2: Ball 3-2: SINGLE (Groundball, 56D, EV 103.8 MPH)
|
|
Batting: RHB Manny Alexander
|
0-0: Called Strike 0-1: Fly out, F9 (Flyball, 89S, EV 86.3 MPH)
|
|
Batting: RHB Cheron Farley
|
0-0: Ball 1-0: Swinging Strike 1-1: Fielders Choice at 2nd, 6-4 (Groundball, 6, EV 87.5 MPH)
|
|
Batting: SHB Julio Peguero
|
0-0: Ball 1-0: Ball 2-0: Fly out, F9 (Flyball, 9LMF, EV 86.3 MPH)
|
| Top of the 8th over - 0 runs, 1 hit, 0 errors, 1 left on base; Ocean City 0 - Savannah 2 |
| BOTTOM OF THE 8TH |
|
Savannah Swamp Foxes batting - Pitching for Ocean City Blue Crabs : RHP Ariel Prieto
|
|
Batting: RHB Izzy Molina
|
0-0: Ball 1-0: Swinging Strike 1-1: Ball 2-1: Ball 3-1: Base on Balls
|
|
Batting: LHB Jack Howell
|
0-0: Foul Ball, location: 2F 0-1: Ball 1-1: Ball 2-1: Ball 3-1: Foul Ball, location: 2F 3-2: Strikes out swinging
|
|
Pitching: RHP Greg McMichael
|
|
|
Batting: RHB Andy Sheets
|
0-0: Swinging Strike 0-1: Grounds into double play, 6-4-3 (Groundball, 6, EV 97.5 MPH)
|
| Bottom of the 8th over - 0 runs, 0 hits, 0 errors, 0 left on base; Ocean City 0 - Savannah 2 |
| TOP OF THE 9TH |
|
Ocean City Blue Crabs batting - Pitching for Savannah Swamp Foxes : LHP Shawn Estes
|
|
Now at 3B: Kazuhiko Shiotani
|
|
|
Batting: RHB Pat F. Kelly
|
0-0: Ball 1-0: Foul Ball, location: 2F 1-1: Ground out 5-3 (Groundball, 56S, EV 85.0 MPH)
|
|
Batting: LHB Curtis Pride
|
0-0: Called Strike 0-1: Ball 1-1: Called Strike 1-2: Foul Ball, location: 2F 1-2: SINGLE (Line Drive, 8LS, EV 100.0 MPH)
|
|
Batting: LHB Brad Fullmer
|
0-0: Called Strike 0-1: Ball 1-1: SINGLE (Groundball, 34D, EV 100.0 MPH) Curtis Pride to second
|
|
Batting: RHB Jeff Abbott
|
0-0: Foul Ball, location: 2F 0-1: Foul Ball, location: 2F 0-2: Foul Ball, location: 2F 0-2: Ball 1-2: Strikes out looking
|
|
Pinch Hitting: SHB Junior Felix
|
0-0: Called Strike 0-1: Called Strike 0-2: Strikes out swinging
|
| Top of the 9th over - 0 runs, 2 hits, 0 errors, 2 left on base; Ocean City 0 - Savannah 2 |
|